 Dungeon Crawl Stone Soup version 0.30-a0-802-gb92711bcdf (webtiles) character file.

Game seed: 256675254218959385

26254 Jeffwins the Reanimator (level 13, -1/79 HPs)
             Began as a Human Wanderer on Feb 24, 2023.
             Was an Elder of Vehumet.
             Succumbed to a wolf spider's poison
             ... on level 3 of the Lair of Beasts.
             The game lasted 00:38:54 (13669 turns).

Jeffwins the Reanimator (Human Wanderer)           Turns: 13669, Time: 00:38:55

Health: -1/79      AC: 10    Str: 18    XL:     13   Next: 56%
Magic:  14/26      EV: 13    Int: 25    God:    Vehumet [****..]
Gold:   486        SH:  0    Dex: 18    Spells: 20/30 levels left

rFire   . . .      SeeInvis .    a - +6 shortbow "Juoroj" {heavy, Str+3}
rCold   + + .      Faith    .    (shield currently unavailable)
rNeg    . . .      Spirit   .    u - +3 leather armour of the Monk {+Inv rPois Regen+ Stlth+}
rPois   +          Reflect  .    (no helmet)
rElec   .          Harm     .    X - +0 cloak
rCorr   +          Rampage  .    w - +1 pair of gloves
Will    +....                    g - +0 pair of boots
Stlth   +++                      v - amulet of magic regeneration
HPRegen 1.13/turn                I - +6 ring of intelligence
MPRegen 0.60/turn                J - ring "Alir" {rPois rC++ rCorr Str+3 Dex+6 Stlth-}

@: lethally poisoned (-1 -> -24), studying Unarmed Combat
A: talons 1, strong-willed 1
a: Renounce Religion, Evoke Invisibility


You were on level 3 of the Lair of Beasts.
You worshipped Vehumet.
Vehumet was greatly pleased with you.
You visited 3 branches of the dungeon, and saw 16 of its levels.
You also visited: Ossuary.

You collected 1205 gold pieces.
You spent 719 gold pieces at shops.


Innate Abilities, Weirdness & Mutations

You have sharp toenails.
You are strong-willed. (Will+)


   Skills:
 - Level 8.0 Polearms
 * Level 5.8 Ranged Weapons
 - Level 1.0 Armour
 + Level 3.8 Dodging
 - Level 5.0 Stealth
 * Level 9.3 Spellcasting
 - Level 8.0 Conjurations
 - Level 10.0 Necromancy
 + Level 1.8 Air Magic
 - Level 8.0 Earth Magic
 + Level 2.0 Poison Magic
 - Level 1.0 Invocations
 + Level 6.3 Evocations


You had 20 spell levels left.
You knew the following spells:

 Your Spells              Type           Power      Damage    Failure   Level
c - Stone Arrow           Conj/Erth      100%       3d13      1%          3
m - Mephitic Cloud        Conj/Pois/Air  31%        N/A       1%          3
x - Vampiric Draining     Necr           57%        2d10      1%          3
z - Necrotise             Necr           100%       1d9       1%          1

Your spell library contained the following spells:

 Spells                   Type           Power      Damage    Failure   Level
 Passwall                 Tmut/Erth      25%        N/A       1%          2
 Sublimation of Blood     Necr           57%        N/A       1%          2
 Lee's Rapid Deconstruct  Erth           25%        3d14*     1%          5
 Fulminant Prism          Conj/Hex       15%        3d10      3%          4
 Iskenderun's Mystic Bla  Conj/Tloc      31%        2d8       3%          4
 Kindle Blastsparks       Fire/Tloc/Air  28%        2d12      4%          3
 Apportation              Tloc           22%        N/A       6%          1
 Slow                     Hex            44%        N/A       6%          1
 Swiftness                Air            21%        N/A       9%          3
 Irradiate                Conj/Tmut      15%        3d16      9%          5
 Ensorcelled Hibernation  Hex/Ice        22%        N/A       10%         2
 Animate Armour           Summ/Erth      62%        N/A       12%         4
 Petrify                  Tmut/Erth      31%        N/A       12%         4
 Confusing Touch          Hex            11%        N/A       19%         3
 Gell's Gravitas          Tloc           11%        N/A       19%         3
 Teleport Other           Tloc           11%        N/A       19%         3
 Alistair's Intoxication  Tmut/Pois      10%        N/A       75%         5
 Lehudib's Crystal Spear  Conj/Erth      25%        10d7      97%         8
 Dispersal                Tloc           5%         N/A       100%        6

Inventory:

Hand Weapons
 a - the +6 shortbow "Juoroj" (weapon) {heavy, Str+3}
   (You bought it in a shop on level 6 of the Dungeon)

   Str:       It affects your strength (+3).
 k - a +4 quarterstaff of chaos
 R - a +2 spear
 T - the +6 shillelagh "Devastator" {shatter}
   (You found it on level 10 of the Dungeon)
Missiles
 h - 9 poisoned darts
 E - 6 datura-tipped darts
Armour
 g - a +0 pair of boots (worn)
 u - the +3 leather armour of the Monk (worn) {+Inv rPois Regen+ Stlth+}
   (You found it on level 3 of the Dungeon)

   rPois:     It protects you from poison.
   +Inv:      It lets you turn invisible.
   Regen:     It increases your rate of health regeneration.
   Stlth:     It makes you more stealthy.
 w - a +1 pair of gloves (worn)
 M - a +1 ring mail of fire resistance
 S - the +0 cloak "Riese" {rF+ rN++ Int-3 Dex-3}
   (You found it on level 9 of the Dungeon)

   Int:       It affects your intelligence (-3).
   Dex:       It affects your dexterity (-3).
   rF:        It protects you from fire.
   rN:        It greatly protects you from negative energy.
 X - a +0 cloak (worn)
Magical Staves
 U - a staff of poison
Jewellery
 c - a ring of protection from cold
 i - a +6 ring of intelligence
 v - an amulet of magic regeneration (around neck)
 C - a ring of ice
 F - a ring of fire
 I - a +6 ring of intelligence (left hand)
 J - the ring "Alir" (right hand) {rPois rC++ rCorr Str+3 Dex+6 Stlth-}
   (You acquired it on level 10 of the Dungeon)

   [ring of dexterity]

   Str:       It affects your strength (+3).
   Dex:       It affects your dexterity (+6).
   rC:        It greatly protects you from cold.
   rPois:     It protects you from poison.
   rCorr:     It protects you from acid and corrosion.
   Stlth:     It makes you less stealthy.
 Z - a ring of wizardry
Wands
 r - a wand of flame (25)
 y - a wand of roots (14)
 D - a wand of light (4)
 L - a wand of digging (4)
 Q - a wand of charming (5)
 W - a wand of polymorph (5)
Scrolls
 b - 2 scrolls of enchant armour
 d - 3 scrolls of brand weapon
 f - 4 scrolls of enchant weapon
 m - 5 scrolls of teleportation {@r4}
 n - 2 scrolls of poison
 p - 5 scrolls of vulnerability {!r}
 A - a scroll of butterflies
 G - 2 scrolls of fog
 H - 3 scrolls of immolation {!r}
 K - 2 scrolls of fear
 N - 3 scrolls of identify {@r1}
 O - a scroll of amnesia
 Y - 4 scrolls of blinking
Potions
 e - 5 potions of brilliance
 j - 6 potions of flight
 o - 2 potions of mutation {!q}
 q - 9 potions of curing {@q1}
 s - 3 potions of lignification {!q}
 t - 4 potions of resistance
 x - 3 potions of heal wounds {@q2}
 z - 2 potions of attraction {!q}
 B - 2 potions of might
 P - a potion of haste {@q3}
 V - a potion of berserk rage {!q}
Miscellaneous
 l - a condenser vane

Dungeon Overview and Level Annotations

Branches:
Dungeon (12/15)            Temple (1/1) D:7            Lair (3/5) D:8
 Shoals (0/4) Lair:2       Spider (0/4) Lair:3          Orc (0/2) D:10
Ossuary (visited)

Altars:
Ashenzari
Cheibriados
Dithmenos
Elyvilon
Fedhas
Gozag
Hepliaklqana
Kikubaaqudgha
Makhleb
Nemelex Xobeh
Okawaru
Qazlal
Ru
Sif Muna
Trog
Uskayaw
Vehumet
Wu Jian
Xom
Yredelemnul
Zin
The Shining One

Shops:
D:4 = D:6

**!! ...#............^.
^#..##.##... #.#....#.......#.^
^...##.##... ........##.#...# ^
..^^......... ........####....#
#> .#.#.......
.......>.......####^ .##^^.......
................#..##.#^.........
................^..#.^ ..........
.........####P##^^#.##^^.........
.......#### ##@.^..^#..........
.......###P.#####..#### #.#......
.P#.....##.....#.#.# ......#
.###...###.........### ...##..#.
...#....##.......#..P#.....#.##..
...#...#####...###...............
..#....## ###.###.####.##.#.....
#.##....######...#.### #..+(....
.###...............PP####..#⌠....


There were no monsters in sight!


Message History

You feel very sick. The wolf spider hits you!!
* * * LOW HITPOINT WARNING * * *
The wolf spider bites you!
* * * LOW HITPOINT WARNING * * *
You are lethally poisoned!
The wolf spider poisons you!
Casting: Vampiric Draining (safe; 1% risk of failure)
Confirm with . or Enter, or press ? or * to list all spells.
Aiming: Vampiric Draining (safe; 1% risk of failure)
Press: ? - help, Shift-Dir - straight line, f/p - wolf spider
Aim: a wolf spider (almost dead)
You draw life force from the wolf spider.
You feel life coursing into your body.
* * * LOW HITPOINT WARNING * * *
You feel extremely sick. The wolf spider misses you.
The wolf spider bites you but does no damage.
The wolf spider barely misses you. x2
Unknown command.
Casting: Vampiric Draining (safe; 1% risk of failure)
Confirm with . or Enter, or press ? or * to list all spells.
Aiming: Vampiric Draining (safe; 1% risk of failure)
Press: ? - help, Shift-Dir - straight line, f/p - wolf spider
Aim: a wolf spider (almost dead)
You draw life force from the wolf spider.
You kill the wolf spider!
Vehumet accepts your kill.
You feel life coursing into your body.
You die...

Skill      XL: |  1  2  3  4  5  6  7  8  9 10 11 12 13 |
---------------+----------------------------------------+-----
Polearms       | 3 4 5 6 7 8 |  8.0
Stealth        | 2 3 4 5 |  5.0
Spellcasting   | 3 4 5 6 7 8 9 |  9.3
Necromancy     | 4 5 6 7 8 9 10 | 10.0
Conjurations   | 1 2 3 4 5 7 8 |  8.0
Earth Magic    | 1 2 3 4 5 7 8 |  8.0
Evocations     | 1 2 3 4 5 6 |  6.3
Ranged Weapons | 4 5 |  5.8
Dodging        | 2 3 |  3.8
Air Magic      | 1 |  1.8
Poison Magic   | 2 |  2.0
Armour         | |  1.0
Invocations    | |  1.0

Action                     |  1- 3 |  4- 6 |  7- 9 | 10-12 | 13-15 || total
---------------------------+-------+-------+-------+-------+-------++-------
  Melee: Spear             |   101 |    49 |   386 |   228 |       ||   764
         Punch             |       |       |     6 |     3 |       ||     9
   Fire: Shortbow          |       |       |       |   107 |    90 ||   197
   Cast: Vampiric Draining |     3 |     2 |    92 |   185 |    85 ||   367
         Necrotise         |     1 |    19 |    11 |     2 |       ||    33
         Stone Arrow       |       |       |     2 |    55 |    11 ||    68
  Evoke: Wand              |       |       |       |    10 |       ||    10
         Condenser vane    |       |       |       |     1 |       ||     1
    Use: Potion            |     4 |     1 |     3 |       |       ||     8
         Scroll            |       |       |    13 |     6 |     1 ||    20
   Stab: Sleeping          |     1 |     1 |    15 |    10 |       ||    27
         Invisible         |       |       |       |     1 |       ||     1
 Armour: Scale mail        |    29 |       |       |       |       ||    29
         Leather armour    |       |    11 |   115 |   126 |    50 ||   302
         Skin              |       |     5 |       |       |       ||     5
  Dodge: Dodged            |    30 |    15 |   190 |   261 |    93 ||   589

Levels and vault maps discovered:
D:1:      dpeg_arrival_three_same_balls, layout_loops_ring, serial_park_tiny_2,
          minmay_tree_intersection, kennysheep_boxes
D:2:      layout_loops_corners, uniq_crazy_yiuf_cottage
D:3:      layout_loops_ring, uniq_sigmund, uniq_grinder
D:4:      layout_cave_pools, lemuel_tele_altar, kennysheep_little_box,
          nicolae_ossuary_entry_monument, serial_shops, nicolae_shop_stone,
          minmay_manual_monolith, uniq_menkaure
D:5:      layout_rooms, hangedman_feature_mirror, serial_bayou_pond_a,
          kennysheep_windowed_goal
D:6:      layout_loops_corners, overflow_temple_1_default,
          mainiacjoe_overflow_cross_hatched, nemelex_xobeh_ov_fountains_minmay,
          nicolae_tso_carved_into_rock, serial_shops, nicolae_stop_n_shop_1,
          nicolae_shop_behind_doors, shop_fountains,
          nicolae_shop_advertising_works [nicolae_subvault_shop_adworks],
          uniq_prince_ribbit1, uniq_blork_the_orc
D:7:      layout_basic, temple_fountains, uniq_joseph
D:8:      layout_basic, nicolae_dithmenos_the_darkroom, xom_redecorated,
          erik_lair_dragon, serial_ice, serial_ice_j, serial_ice_e,
          serial_ice_d, serial_ice_a, serial_ice_c, serial_ice_g,
          serial_bayou_crossing
D:9:      minmay_sliced_demisemicircle, layout_loops_ring, grunt_decor_cap
D:10:     layout_long_grid, minmay_orc_entry_temple_small
D:11:     layout_roguey, serial_glass, glass_columns_a, glass_columns_a,
          glass_columns_b, glass_columns_c, glass_columns_a, glass_columns_b,
          glass_columns_c, glass_columns_a, item_on_display_b, item_on_display_b
D:12:     layout_basic, nrook_mini_backslash, uniq_fannar, uniq_snorg
Temple:   nicolae_temple_ecumenical_triangle
Lair:1:   layout_long_grid
Lair:2:   layout_loops_ring, elwin_shoals_entry_rooms, basic_altar
Lair:3:   layout_regular_city, spider_nest_entry_rubble, grunt_megastairs_5,
          serial_bayou_shore_a

Notes
Turn   | Place    | Note
-------+----------+-------------------------------------------
     0 | D:1      | Jeffwins the Human Wanderer began the quest for the Orb.
     0 | D:1      | Jeffwins set off with the following items: a +2 spear, a +0
                  | scale mail, a scroll of blinking; and the following spell
                  | memorised: Necrotise; and the following spells available to
                  | memorise: Vampiric Draining.
     0 | D:1      | Reached XP level 1. HP: 13/13 MP: 3/3
   118 | D:1      | Reached XP level 2. HP: 19/19 MP: 5/5
   426 | D:1      | Reached XP level 3. HP: 24/24 MP: 6/6
   430 | D:1      | Learned a level 3 spell: Vampiric Draining
  1439 | D:2      | Found a runed translucent door.
  1440 | D:2      | Noticed Crazy Yiuf
  2138 | D:2      | Identified a potion of resistance
  2139 | D:2      | Gained mutation: You have sharp toenails. [potion of
                  | mutation]
  2139 | D:2      | Gained mutation: You are strong-willed. (Will+) [potion of
                  | mutation]
  2155 | D:2      | Killed Crazy Yiuf
  2156 | D:2      | Reached XP level 4. HP: 24/30 MP: 1/8
  2391 | D:3      | Noticed Sigmund
  2402 | D:3      | Killed Sigmund
  2403 | D:3      | Reached skill level 3 in Polearms
  2403 | D:3      | Reached skill level 2 in Stealth
  2403 | D:3      | Reached skill level 3 in Spellcasting
  2403 | D:3      | Reached skill level 4 in Necromancy
  2403 | D:3      | Reached XP level 5. HP: 35/35 MP: 1/10
  2403 | D:3      | Reached XP level 6. HP: 41/41 MP: 1/11
  2695 | D:3      | Noticed Grinder
  2702 | D:3      | Learned a level 3 spell: Stone Arrow
  2731 | D:3      | Killed Grinder
  2732 | D:3      | Reached skill level 4 in Polearms
  2732 | D:3      | Reached skill level 1 in Conjurations
  2732 | D:3      | Reached skill level 1 in Earth Magic
  2732 | D:3      | Reached XP level 7. HP: 41/46 MP: 12/12
  3097 | D:3      | Identified the +3 leather armour of the Monk {+Inv rPois
                  | Regen+ Stlth+}
  3188 | D:4      | Found an iron altar of Okawaru.
  3216 | D:5      | Entered Level 5 of the Dungeon
  3303 | D:4      | Reached skill level 4 in Spellcasting
  3359 | D:4      | Reached skill level 3 in Stealth
  3365 | D:4      | Noticed Menkaure
  3387 | D:4      | Killed Menkaure
  3388 | D:4      | Reached skill level 2 in Conjurations
  3388 | D:4      | Reached skill level 5 in Necromancy
  3388 | D:4      | Reached skill level 2 in Earth Magic
  3388 | D:4      | Reached XP level 8. HP: 10/52 MP: 3/14
  3403 | D:4      | Found a sand-covered staircase.
  3409 | Ossuary  | Entered an ossuary
  3498 | Ossuary  | Reached skill level 1 in Evocations
  3866 | D:4      | Found Loleppue's Jewellery Shoppe.
  3882 | D:4      | Bought an amulet of magic regeneration for 300 gold pieces
  3941 | D:4      | Found a hazy altar of Hepliaklqana.
  4453 | D:5      | Found a burning altar of Makhleb.
  4621 | D:5      | Reached skill level 5 in Polearms
  4706 | D:5      | Reached skill level 3 in Conjurations
  4706 | D:5      | Reached skill level 3 in Earth Magic
  4773 | D:5      | Found a bloodstained altar of Trog.
  4787 | D:5      | Reached XP level 9. HP: 57/57 MP: 5/16
  5024 | D:6      | Found a stormy altar of Qazlal.
  5073 | D:6      | Noticed Blork the orc
  5086 | D:6      | Killed Blork the orc
  5087 | D:6      | Reached skill level 2 in Evocations
  5108 | D:6      | Found Eptyvoca's Distillery.
  5111 | D:6      | Bought a potion of haste for 110 gold pieces
  5155 | D:6      | Found an ornate altar of the Wu Jian Council.
  5195 | D:6      | Found Dugour's Assorted Antiques.
  5207 | D:6      | Reached skill level 5 in Spellcasting
  5207 | D:6      | Bought a forked glass wand for 96 gold pieces
  5231 | D:6      | Found Uxtoahou's Assorted Antiques.
  5327 | D:6      | Reached skill level 4 in Stealth
  5327 | D:6      | Reached skill level 6 in Necromancy
  5592 | D:6      | Found a glowing golden altar of the Shining One.
  5655 | D:6      | Found Ridwieh's Distillery.
  5774 | D:6      | Found a sparkling altar of Nemelex Xobeh.
  5928 | D:6      | Noticed Prince Ribbit
  5940 | D:6      | Killed Prince Ribbit
  5941 | D:6      | Reached skill level 4 in Conjurations
  5941 | D:6      | Reached skill level 4 in Earth Magic
  6249 | D:7      | Found a staircase to the Ecumenical Temple.
  6273 | Temple   | Entered the Ecumenical Temple
  6334 | Temple   | Became a worshipper of Vehumet
  6368 | D:7      | Noticed Joseph
  6396 | D:7      | Killed Joseph
  6397 | D:7      | Reached skill level 6 in Polearms
  6476 | D:7      | Reached XP level 10. HP: 56/63 MP: 9/18
  6592 | D:8      | Noticed a death yak
  6611 | D:8      | HP: 5/63 [death yak (6)]
  6612 | D:8      | Reached skill level 3 in Evocations
  6615 | D:8      | Killed a death yak
  6670 | D:8      | Reached skill level 6 in Spellcasting
  6670 | D:8      | Reached skill level 5 in Conjurations
  6700 | D:8      | Found a shimmering altar of Xom.
  6711 | D:8      | Found a shimmering altar of Xom.
  6802 | D:8      | Paralysed by a hornet for 3 turns
  6807 | D:8      | Reached skill level 5 in Earth Magic
  6860 | D:8      | Found a shadowy altar of Dithmenos.
  6972 | D:8      | Reached skill level 5 in Stealth
  6972 | D:8      | Reached skill level 7 in Necromancy
  7343 | D:8      | Noticed a komodo dragon
  7351 | D:8      | Killed a komodo dragon
  7410 | D:8      | Reached * piety under Vehumet
  7410 | D:8      | Offered knowledge of Magic Dart by Vehumet.
  7441 | D:8      | Found a staircase to the Lair.
  7759 | D:9      | Reached skill level 7 in Polearms
  7778 | D:9      | Reached XP level 11. HP: 46/68 MP: 9/20
  7952 | D:9      | Reached skill level 6 in Conjurations
  7952 | D:9      | Reached skill level 4 in Evocations
  8019 | D:9      | Reached skill level 6 in Earth Magic
  8545 | D:9      | Noticed a purple ugly thing
  8551 | D:9      | Killed a purple ugly thing
  8552 | D:9      | Reached skill level 7 in Spellcasting
  8552 | D:9      | Reached skill level 8 in Necromancy
  8583 | D:9      | Noticed a cyclops
  8583 | D:9      | Noticed a centaur warrior
  8587 | D:9      | Killed a cyclops
  8591 | D:9      | Killed a centaur warrior
  8609 | D:9      | Noticed a boulder beetle
  8627 | D:9      | Killed a boulder beetle
  8668 | D:9      | Noticed a catoblepas
  8680 | D:9      | Killed a catoblepas
  8681 | D:9      | Reached skill level 8 in Polearms
  8712 | D:9      | Noticed a centaur warrior
  8729 | D:9      | Killed a centaur warrior
  8868 | D:6      | Bought a warped shortbow for 192 gold pieces
  8868 | D:6      | Identified the +6 shortbow "Juoroj" {heavy, Str+3} (You
                  | bought it in a shop on level 6 of the Dungeon)
  8868 | D:6      | Bought a smoky blue potion for 21 gold pieces
  9063 | D:9      | Noticed a cyclops
  9063 | D:9      | Noticed a wizard
  9064 | D:9      | Banished a cyclops
  9065 | D:9      | Reached skill level 7 in Conjurations
  9067 | D:9      | Killed a wizard
  9068 | D:9      | Reached skill level 7 in Earth Magic
  9068 | D:9      | Reached XP level 12. HP: 66/74 MP: 23/23
  9069 | D:9      | Reached skill level 1 in Ranged Weapons
  9076 | D:9      | Identified the +0 cloak "Riese" {rF+ rN++ Int-3 Dex-3}
  9125 | D:10     | Entered Level 10 of the Dungeon
  9125 | D:10     | Found the +6 shillelagh "Devastator" {shatter}
  9406 | D:10     | Offered knowledge of Searing Ray by Vehumet.
  9416 | D:10     | Found a staircase to the Orcish Mines.
  9436 | D:10     | Reached ** piety under Vehumet
  9674 | D:10     | Identified a scroll of acquirement
  9677 | D:10     | Acquired the ring "Alir" {rPois rC++ rCorr Str+3 Dex+6
                  | Stlth-}
  9745 | D:10     | Reached skill level 2 in Ranged Weapons
  9745 | D:10     | Reached skill level 5 in Evocations
 10062 | D:11     | Reached skill level 1 in Dodging
 10275 | D:11     | Reached skill level 9 in Necromancy
 10665 | D:12     | Reached skill level 8 in Spellcasting
 10761 | D:12     | Offered knowledge of Kindle Blastsparks by Vehumet.
 10762 | D:12     | Reached skill level 3 in Ranged Weapons
 10951 | Lair:1   | Entered Level 1 of the Lair of Beasts
 10967 | Lair:1   | Reached skill level 2 in Dodging
 11183 | Lair:1   | Reached *** piety under Vehumet
 11266 | Lair:1   | Reached skill level 8 in Conjurations
 11266 | Lair:1   | Reached skill level 8 in Earth Magic
 11421 | Lair:1   | Reached skill level 4 in Ranged Weapons
 11499 | Lair:1   | Reached XP level 13. HP: 70/79 MP: 21/25
 11805 | Lair:2   | Found a shadowy altar of Dithmenos.
 12015 | Lair:2   | Offered knowledge of Mephitic Cloud by Vehumet.
 12016 | Lair:2   | Reached skill level 3 in Dodging
 12139 | Lair:2   | Learned a level 3 spell: Mephitic Cloud
 12211 | Lair:2   | Reached skill level 6 in Evocations
 12212 | Lair:2   | Reached skill level 5 in Ranged Weapons
 12306 | Lair:2   | Reached skill level 10 in Necromancy
 12420 | Lair:2   | Reached skill level 9 in Spellcasting
 12420 | Lair:2   | Reached skill level 1 in Air Magic
 12425 | Lair:2   | Reached skill level 1 in Poison Magic
 12579 | Lair:2   | Found a staircase to the Shoals.
 13229 | Lair:3   | Noticed a catoblepas
 13242 | Lair:3   | Killed a catoblepas
 13512 | Lair:3   | Reached **** piety under Vehumet
 13513 | Lair:3   | Reached skill level 2 in Poison Magic
 13662 | Lair:3   | Found a hole to the Spider Nest.
 13668 | Lair:3   | HP: 4/79 [poisoned by a wolf spider]
 13669 | Lair:3   | Succumbed to a wolf spider's poison

Vanquished Creatures
  2 slime creatures (D:12)
  2 centaur warriors (D:9)
  A boulder beetle (D:9)
  2 catoblepae
  A death yak (D:8)
  A wizard (D:9)
  A wolf spider (Lair:3)
  An ugly thing (D:9)
  2 cyclopes
  Joseph (D:7)
  4 black mambas
  A torpor snail (Lair:2)
  6 cane toads
  A kobold demonologist (D:12)
  An unseen horror (D:12)
  A yaktaur (D:9)
  3 komodo dragons
  A merfolk (Lair:2)
  A polar bear (Lair:1)
  3 trolls (D:11)
  Grinder (D:3)
  Prince Ribbit (D:6)
  A hornet (D:8)
  3 blink frogs (Lair:1)
  2 dream sheep (Lair:2)
  Sigmund (D:3)
  A shadow (D:11)
  3 wraiths
  6 wyverns
  5 basilisks
  32 yaks
  Menkaure (D:4)
  An acid dragon (D:8)
  12 water moccasins
  2 orc warriors
  2 ice beasts
  An ogre (D:6)
  A black bear (D:4)
  3 sky beasts
  8 wolves
  2 centaurs
  2 phantoms
  A kobold brigand (D:6)
  Blork the orc (D:6)
  4 bullfrogs
  2 gnoll sergeants
  2 scorpions
  4 wights (D:9)
  4 howler monkeys
  2 electric eels
  6 orc priests
  2 hounds
  2 jellies (D:5)
  Crazy Yiuf (D:2)
  An iguana (D:5)
  10 orc wizards
  8 mummies (Ossuary)
  10 gnolls
  11 adders
  7 white imps
  2 ufetubi
  3 worms
  A dart slug (D:4)
  34 orcs
  3 bats
  4 endoplasms
  2 giant cockroaches (D:4)
  3 gnoll zombies (Ossuary)
  6 goblins
  4 hobgoblins
  5 jackals (D:1)
  3 quokkas
  7 ball pythons
  6 frilled lizards
  2 hobgoblin zombies (Ossuary)
  15 kobolds
  A kobold zombie (Ossuary)
  2 orc zombies (Ossuary)
  5 rats
313 creatures vanquished.

Vanquished Creatures (collateral kills)
  A gnoll (D:3)
1 creature vanquished.

Vanquished Creatures (others)
  A wraith (D:9)
  4 fungi
  6 plants
11 creatures vanquished.

Grand Total: 325 creatures vanquished

Table legend: (Time is in decaauts)
 A = Elapsed time spent in this place.
 B = Non-inter-level travel time spent in this place.
 C = Inter-level travel time spent in this place.
 D = Time resting spent in this place.
 E = Time spent auto-exploring this place.
 F = Levels seen in this place.
 G = Mean time per level.
                   A        B        C        D        E       F      G
               +--------+--------+--------+--------+--------+-----+--------+
         Total |  13785 |  12913 |    872 |    258 |   9732 |  17 |  810.9 |
       Dungeon |  10417 |   9602 |    815 |    152 |   7320 |  12 |  868.1 |
        Temple |     78 |     57 |     21 |      0 |     30 |   1 |   78.0 |
          Lair |   2874 |   2838 |     36 |     33 |   2258 |   3 |  958.0 |
       Ossuary |    415 |    415 |      0 |     73 |    123 |   1 |  415.0 |
               +--------+--------+--------+--------+--------+-----+--------+

Top non-repeatable levels by time:
     D:9: 1288 daAuts
     D:8: 1193 daAuts
  Lair:2: 1192 daAuts
     D:2: 1167 daAuts
     D:1: 1078 daAuts
     D:6: 1022 daAuts
  Lair:1: 942 daAuts
     D:3: 912 daAuts
    D:10: 888 daAuts
     D:5: 818 daAuts
    D:11: 780 daAuts
  Lair:3: 740 daAuts
     D:4: 583 daAuts
     D:7: 541 daAuts
 Ossuary: 415 daAuts

Table legend:
 A = Non-vault XP
 B = Vault XP
 C = Vault XP percentage of total XP
 D = Non-vault monster count
 E = Vault monster count
 F = Vault count percentage of total count
                 A         B        C        D         E       F
            +---------+---------+-------+---------+---------+-------
      Total |   27187 |   10914 |  28.6 |     251 |      65 |  20.6
            +---------+---------+-------+---------+---------+-------
        D:1 |      37 |       0 |   0.0 |      25 |       0 |   0.0
        D:2 |      21 |      39 |  65.0 |       8 |       1 |  11.1
        D:3 |     101 |     503 |  83.3 |      17 |       2 |  10.5
        D:4 |     326 |     367 |  53.0 |      16 |       8 |  33.3
        D:5 |     366 |     151 |  29.2 |      19 |       4 |  17.4
        D:6 |     783 |     373 |  32.3 |      23 |       2 |   8.0
        D:7 |     511 |     455 |  47.1 |      14 |       1 |   6.7
        D:8 |     889 |    2061 |  69.9 |      15 |      13 |  46.4
        D:9 |    3176 |    5677 |  64.1 |      26 |      10 |  27.8
       D:10 |    1920 |     234 |  10.9 |      14 |       6 |  30.0
       D:11 |    2527 |       0 |   0.0 |       9 |       0 |   0.0
       D:12 |    2249 |       0 |   0.0 |       5 |       0 |   0.0
     Lair:1 |    4842 |       0 |   0.0 |      21 |       0 |   0.0
     Lair:2 |    6001 |     309 |   4.9 |      24 |       1 |   4.0
     Lair:3 |    3438 |     595 |  14.8 |      15 |       1 |   6.2
    Ossuary |       0 |     150 | 100.0 |       0 |      16 | 100.0
            +---------+---------+-------+---------+---------+-------
